 Dungeon Crawl Stone Soup version 0.22-a0-469-gf26638a (webtiles) character file.

170 epen the Insei (level 5, -3/37 HPs)
             Began as an Octopode Monk on June 10, 2018.
             Slain by a worker ant (6 damage)
             ... on level 4 of the Dungeon on June 11, 2018.
             The game lasted 00:05:44 (3388 turns).

epen the Insei (Octopode Monk)                      Turns: 3388, Time: 00:05:45

Health: -3/37      AC:  1    Str: 11    XL:     5   Next: 51%
Magic:  5/5        EV: 15    Int: 12    God:
Gold:   112        SH:  0    Dex: 15    Spells: 4/4 levels left

rFire    + . .     SeeInvis .   e - staff of fire (curse)
rCold    . . .     Gourm    .   (no shield)
rNeg     . . .     Faith    .   (helmet restricted)
rPois    .         Spirit   .   (no amulet)
rElec    .         Reflect  .   j - ring of teleportation (curse)
rCorr    .         Harm     .   (no ring)
MR       .....     Rnd*Tele +   (no ring)
Stlth    +++.......             (no ring)
HPRegen  0.12/turn              (no ring)
MPRegen  0.09/turn              (no ring)
                                (no ring)
                                (no ring)

@: lethally poisoned (-3 -> -18)
A: almost no armour, stealthy swim, amphibious, 8 rings, constrict 8, camouflage
1, gelatinous body 1
a: no special abilities


You were on level 4 of the Dungeon.
You were hungry.

You visited 1 branch of the dungeon, and saw 4 of its levels.

You collected 112 gold pieces.

Inventory:

Magical Staves
 e - a cursed staff of fire (weapon)
Jewellery
 c - an uncursed amulet of rage
 j - a cursed ring of teleportation (left tentacle)
Wands
 i - a wand of acid (9)
Scrolls
 l - a scroll of blinking {unknown}
 q - a scroll of immolation {unknown}
Potions
 b - a potion of brilliance
 f - a potion of might {unknown}
 g - 2 potions of resistance {unknown}
 h - a potion of lignification {unknown}
 k - a potion of haste {unknown}
 m - a potion of berserk rage {unknown}
 n - a potion of curing {unknown}
 p - a potion of mutation {unknown}
Comestibles
 a - 5 rations


   Skills:
 + Level 4.0 Fighting
 + Level 3.9 Dodging
 - Level 2.6 Stealth
 * Level 4.7 Unarmed Combat


You had 4 spell levels left.
You didn't know any spells.
Your spell library was empty.

Dungeon Overview and Level Annotations

Branches:
Dungeon (4/15)
 Temple: D:4-7

Altars:


Innate Abilities, Weirdness & Mutations

You cannot wear most types of armour.
You are very stealthy in the water. (Stealth+)
You are amphibious.
You can wear up to eight rings at the same time.
You can use your tentacles to constrict eight enemies at once.
Your skin changes colour to match your surroundings (Stealth+).
Your rubbery body absorbs attacks. (AC +1, EV +1)


Message History

A jackal comes into view.
The adder bites you.
* * * LOW HITPOINT WARNING * * *
The jackal barks!
You hit the adder but do no damage.
The adder is heavily wounded.
You constrict the adder.
* * * LOW HITPOINT WARNING * * *
You feel sick.
You hear a shout!
The adder misses you.
You hit the adder but do no damage.
You kill the adder!
Your Fighting skill increases to level 4!
* * * LOW HITPOINT WARNING * * *
You feel sick.
It was a potion of magic.
Magic courses through your body.
* * * LOW HITPOINT WARNING * * *
You feel sick. The worker ant bites you.
You die...

. ...
###....
#####.......
#..@ah......
#.###.......
#.# ##.##.#
#.# .. #.#
#.. #.# .
#.#####
#.>..<#
####..#


You could see a worker ant and a jackal.

Vanquished Creatures
  Jessica (D:2)
  7 adders
  An ooze (D:1)
  3 worms (D:2)
  A dart slug (D:2)
  2 leopard geckos (D:3)
  An orc (D:3)
  6 bats
  3 giant cockroaches
  7 goblins
  7 hobgoblins
  A jackal (D:2)
  2 quokkas (D:2)
  A ball python (D:2)
  6 frilled lizards
  11 kobolds
  9 rats
69 creatures vanquished.

Notes
Turn   | Place    | Note
-------+----------+-------------------------------------------
     0 | D:1      | epen the Octopode Monk began the quest for the Orb.
     0 | D:1      | Reached XP level 1. HP: 16/16 MP: 1/1
    33 | D:1      | Upgraded the game from 0.22-a0-467-g5c5de1c to 0.22-a0-469-gf26638a
    56 | D:1      | Reached XP level 2. HP: 21/21 MP: 2/2
   809 | D:2      | Reached XP level 3. HP: 19/26 MP: 3/3
  1254 | D:2      | Reached XP level 4. HP: 31/31 MP: 4/4
  1287 | D:2      | Noticed Jessica
  1302 | D:2      | HP: 1/31 [Jessica/nerve-wracking pain (8)]
  1303 | D:2      | Killed Jessica
  2007 | D:2      | Reached XP level 5. HP: 37/37 MP: 5/5
  3388 | D:4      | Slain by a worker ant

Vault maps used:
D:1:      saegor_arrival_miasma
D:2:      minmay_guardbox, uniq_jessica
D:3:      serial_forest, infiniplex_forest_straight_1,
          infiniplex_forest_clump_diagonal, infiniplex_forest_diagonal,
          infiniplex_forest_pool, infiniplex_forest_clump_curved,
          infiniplex_forest_lined_2, hex_large
D:4:      minmay_temple_entry_from_below_b, first_ration

Skill      XL: |  1  2  3  4  5 |
---------------+----------------+-----
Unarmed Combat | 4 |  4.7
Fighting       | 4 |  4.0
Dodging        | |  3.9
Stealth        | |  2.6

Action                   |  1- 3 |  4- 6 || total
-------------------------+-------+-------++-------
Melee: Unarmed           |    60 |    31 ||    91
       Constrict         |    18 |    25 ||    43
       Tentacles         |    11 |    25 ||    36
       Punch             |     2 |     3 ||     5
       Staff             |       |    68 ||    68
  Use: Scroll            |       |     1 ||     1
       Potion            |       |     1 ||     1
 Stab: Sleeping          |    11 |    10 ||    21
  Eat: Chunk             |     1 |     6 ||     7
Armor: Skin              |     4 |     6 ||    10
Dodge: Dodged            |    36 |    63 ||    99

Table legend:
 A = Spawn XP
 B = Non-spawn XP
 C = Spawn XP percentage of total XP
 D = Spawn monster count
 E = Non-spawn monster count
 F = Spawn count percentage of total count
 G = Total turns spent on level
                    A         B        C        D         E        F      G
               +---------+---------+-------+---------+---------+-------+---------
         Total |       0 |     244 |   0.0 |       0 |      69 |   0.0 |  3388
               +---------+---------+-------+---------+---------+-------+---------
           D:1 |       0 |      33 |   0.0 |       0 |      18 |   0.0 |   900
           D:2 |       0 |     171 |   0.0 |       0 |      36 |   0.0 |  1601
           D:3 |       0 |      27 |   0.0 |       0 |      14 |   0.0 |   864
           D:4 |       0 |      13 |   0.0 |       0 |       1 |   0.0 |    23
               +---------+---------+-------+---------+---------+-------+---------
